[Event "Titled Tuesday Blitz February 28 Late 2023"]
[White "Prydun, Andriy"]
[Black "Smith, Garrett L"]
[WhiteFideId "14145898"]
[BlackFideId "2024829"]
[WhiteElo "2164"]
[BlackElo "2284"]
[Result "1-0"]
[Round "04"]
[TimeControl "180+2"]
[Date "2023.02.28"]
[WhiteClock "0:00:13"]
[BlackClock "0:00:27"]

1. e4 c5 2. Nf3 Nc6 3. Bb5 e6 4. O-O Nge7 5. c3 a6 6. Ba4 b5 7. Bc2 d5 8. exd5 Nxd5 9. d4 Nf6 10. Bg5 cxd4 11. a4 dxc3 12. Nxc3 Qxd1 13. Rfxd1 b4 14. Ne4 Nxe4 15. Bxe4 Bb7 16. Rac1 Na5 17. Bxb7 Nxb7 18. Rc7 Nd6 19. Bf4 Rd8 20. Ne5 Rc8 21. Rdc1 Rxc7 22. Rxc7 f6 23. Nc6 e5 24. Bd2 Ne4 25. Bxb4 Bxb4 26. Nxb4 O-O 27. f3 Nd2 28. Nxa6 Ra8 29. Nc5 Nc4 30. b4 f5 31. a5 f4 32. a6 Ne3 33. a7 Rd8 34. Rd7 Ra8 35. b5 1-0


[Site "https://www.chess.com"]

[Event "Titled Tuesday Blitz February 28 Late 2023"]
[White "Kaufman, Raymond"]
[Black "Kleiman, Jake"]
[WhiteFideId "2015056"]
[BlackFideId "2020041"]
[WhiteElo "2321"]
[BlackElo "2484"]
[Result "0-1"]
[Round "04"]
[TimeControl "180+2"]
[Date "2023.02.28"]
[WhiteClock "0:00:05"]
[BlackClock "0:01:07"]

1. d4 Nf6 2. c4 c5 3. d5 b5 4. cxb5 a6 5. e3 g6 6. Nc3 Bg7 7. a4 O-O 8. Nf3 d6 9. e4 Nbd7 10. Be2 axb5 11. Bxb5 Ba6 12. Qc2 Bxb5 13. Nxb5 Qa5+ 14. Bd2 Qxb5 15. axb5 Rxa1+ 16. Bc1 Nxe4 17. O-O Nef6 18. h3 Nxd5 19. Qb3 N7b6 20. Bg5 Rxf1+ 21. Kxf1 h6 22. Bd2 Ra8 23. g4 Ra1+ 24. Kg2 c4 25. Qc2 Ra2 26. Bc1 c3 27. Qd1 cxb2 28. Bxb2 Rxb2 29. Qc1 Rxb5 30. Qc6 Rc5 31. Qe8+ Bf8 32. Nd4 Nf4+ 33. Kf3 Nxh3 34. Ne6 Ng5+ 35. Nxg5 Rxg5 0-1


[Site "https://www.chess.com"]

[Event "Titled Tuesday Blitz February 28 Late 2023"]
[White "Senft, Sean"]
[Black "Kalajzic, Ivan"]
[WhiteFideId "2044960"]
[BlackFideId "14506378"]
[WhiteElo "1989"]
[BlackElo "2203"]
[Result "1-0"]
[Round "04"]
[TimeControl "180+2"]
[Date "2023.02.28"]
[WhiteClock "0:00:11"]
[BlackClock "0:00:01"]

1. e4 Nc6 2. Nf3 d6 3. Bb5 a6 4. Ba4 b5 5. Bb3 Nf6 6. O-O Bg4 7. Re1 e6 8. c3 Be7 9. d4 O-O 10. Nbd2 Na5 11. Bc2 c5 12. Nf1 Qc7 13. d5 e5 14. h3 Bd7 15. Ng3 g6 16. Bg5 Qd8 17. b3 Kg7 18. Qd2 Ng8 19. Nh2 h6 20. Be3 Nb7 21. Rf1 h5 22. f4 Bf6 23. f5 h4 24. Ne2 g5 25. Ng4 Kh7 26. Nxf6+ Nxf6 27. Bxg5 Rg8 28. Bxh4 Qe7 29. Ng3 Nxe4 30. Nxe4 Qxh4 31. f6 Kh8 32. Rf3 Bxh3 33. g3 Rg6 34. Qh2 Qg4 35. Kf2 Rag8 36. Rh1 Rh6 37. Nd2 e4 38. Bxe4 Qg5 39. Rf4 Rxf6 40. Qxh3+ 1-0


[Site "https://www.chess.com"]

[Event "Titled Tuesday Blitz February 28 Late 2023"]
[White "Da Silva Junior, Sediney Mari"]
[Black "Molenda, Marcin"]
[WhiteFideId "2132079"]
[BlackFideId "1173065"]
[WhiteElo "1977"]
[BlackElo "2286"]
[Result "0-1"]
[Round "04"]
[TimeControl "180+2"]
[Date "2023.02.28"]
[WhiteClock "0:01:28"]
[BlackClock "0:01:40"]

1. e4 e5 2. Nc3 Nf6 3. f4 d5 4. fxe5 Nxe4 5. d3 Nxc3 6. bxc3 Be7 7. Nf3 O-O 8. Be2 c5 9. O-O Nc6 10. d4 c4 11. Bf4 Bf5 12. Qd2 Qd7 13. Bg5 Nd8 14. Nh4 Be4 15. Bf3 Bg6 16. Nxg6 hxg6 17. Rf2 Bxg5 18. Qxg5 Ne6 19. Qg3 Qe7 20. Raf1 Rad8 21. Bg4 Ng5 22. Rf4 Ne4 23. Qh3 Qg5 24. e6 f5 25. Bf3 Qxf4 26. e7 Qe3+ 27. Kh1 Nf2+ 28. Rxf2 Qe1+ 0-1


[Site "https://www.chess.com"]

[Event "Titled Tuesday Blitz February 28 Late 2023"]
[White "Drnovsek, Gal"]
[Black "Leonte, Sebastian-Marian"]
[WhiteFideId "14607077"]
[BlackFideId "1268767"]
[WhiteElo "2293"]
[BlackElo "2265"]
[Result "1-0"]
[Round "04"]
[TimeControl "180+2"]
[Date "2023.02.28"]
[WhiteClock "0:02:05"]
[BlackClock "0:00:35"]

1. e4 e5 2. Nf3 Nc6 3. d4 exd4 4. Nxd4 Nf6 5. Nxc6 bxc6 6. e5 Nd5 7. c4 Nb6 8. Bd3 Be7 9. O-O O-O 10. Nc3 f6 11. Qh5 g6 12. Bxg6 hxg6 13. Qxg6+ Kh8 14. Qh5+ Kg8 15. Bh6 Qe8 16. Qg4+ Kf7 17. e6+ 1-0


[Site "https://www.chess.com"]

[Event "Titled Tuesday Blitz February 28 Late 2023"]
[White "Kochetov, Andrey"]
[Black "Einarsson, Halldor Gretar"]
[WhiteFideId "24130532"]
[BlackFideId "2300150"]
[WhiteElo "2473"]
[BlackElo "2126"]
[Result "1-0"]
[Round "04"]
[TimeControl "180+2"]
[Date "2023.02.28"]
[WhiteClock "0:01:10"]
[BlackClock "0:00:02"]

1. e4 c5 2. Nf3 Nc6 3. d4 cxd4 4. Nxd4 Nf6 5. Nc3 e5 6. Ndb5 d6 7. Bg5 a6 8. Na3 b5 9. Nd5 Be7 10. Bxf6 Bxf6 11. c3 Bg5 12. Nc2 O-O 13. Nce3 Be6 14. Qd3 g6 15. Be2 f5 16. f3 Ne7 17. O-O Bxe3+ 18. Nxe3 d5 19. exd5 Nxd5 20. Nxd5 Bxd5 21. Rfd1 Qb6+ 22. Kh1 Rad8 23. Qc2 e4 24. c4 Bb7 25. cxb5 axb5 26. fxe4 Bxe4 27. Qb3+ Kg7 28. Bf3 Qf2 29. Rf1 Qc2 30. Qxb5 Rb8 31. Qd7+ Rf7 32. Qd4+ Kg8 33. b3 Bxf3 34. Rxf3 Re8 35. Qf2 Qc6 36. h3 Rfe7 37. Qg3 Re2 38. Rxf5 1-0


[Site "https://www.chess.com"]

[Event "Titled Tuesday Blitz February 28 Late 2023"]
[White "De Souza, Cristiano Gomes"]
[Black "Yeritsyan, Hayk"]
[WhiteFideId "2151758"]
[BlackFideId "13307320"]
[WhiteElo "2068"]
[BlackElo "2472"]
[Result "0-1"]
[Round "04"]
[TimeControl "180+2"]
[Date "2023.02.28"]
[WhiteClock "0:00:03"]
[BlackClock "0:00:02"]

1. d4 d5 2. c4 c6 3. Nf3 Nf6 4. Nc3 e6 5. Bg5 Nbd7 6. e3 Qa5 7. Nd2 Bb4 8. Qc2 dxc4 9. Bxf6 Nxf6 10. Nxc4 Bxc3+ 11. bxc3 Qc7 12. Be2 c5 13. Rc1 O-O 14. O-O Bd7 15. Ne5 Rac8 16. Qb2 Rfd8 17. Bf3 b6 18. h3 Be8 19. Rfd1 Nd7 20. Nc6 Nf6 21. Nxd8 Rxd8 22. c4 h6 23. dxc5 Rxd1+ 24. Rxd1 Qxc5 25. Qd4 Qc7 26. Rc1 Nd7 27. Be2 Nc5 28. Rd1 Kf8 29. Qd8 Qe7 30. Qa8 g6 31. Rd8 h5 32. Bf3 Nd7 33. Bc6 Nf6 34. g4 hxg4 35. hxg4 g5 36. f4 Qc5 37. Bxe8 Qxe3+ 38. Kg2 Qe2+ 39. Kg1 Qxg4+ 40. Qg2 Qxg2+ 41. Kxg2 Nxe8 42. fxg5 Ke7 43. Ra8 a5 44. Rb8 Nd6 45. Rxb6 Nxc4 46. Rb5 Kd6 47. Kf3 Kc6 48. Rb8 Nd6 0-1


[Site "https://www.chess.com"]

[Event "Titled Tuesday Blitz February 28 Late 2023"]
[White "reevecanada"]
[Black "Ardila, Oscar Humberto"]
[BlackFideId "4404742"]
[WhiteElo "2472"]
[BlackElo "1946"]
[Result "1-0"]
[Round "04"]
[TimeControl "180+2"]
[Date "2023.02.28"]
[WhiteClock "0:01:39"]
[BlackClock "0:00:42"]

1. e4 e5 2. Nf3 Nf6 3. d4 Nxe4 4. Nxe5 d5 5. Bd3 Nf6 6. O-O Be7 7. Bg5 O-O 8. Qf3 c6 9. Nd2 Nbd7 10. h3 Nxe5 11. dxe5 Ne8 12. Qh5 g6 13. Bxe7 Qxe7 14. Qe2 Ng7 15. f4 Re8 16. Qf2 Bf5 17. Rae1 Qb4 18. Nb3 Bxd3 19. cxd3 a5 20. g4 a4 21. Nd4 c5 22. Nc2 Qxb2 23. f5 Rxe5 24. fxg6 Rxe1 25. gxf7+ Kh8 26. f8=Q+ Rxf8 27. Qxf8# 1-0


[Site "https://www.chess.com"]

[Event "Titled Tuesday Blitz February 28 Late 2023"]
[White "Chabris, Christopher"]
[Black "Petrovic, Aleksa"]
[WhiteFideId "2005263"]
[BlackFideId "967629"]
[WhiteElo "2228"]
[BlackElo "2304"]
[Result "0-1"]
[Round "04"]
[TimeControl "180+2"]
[Date "2023.02.28"]
[WhiteClock "0:00:01"]
[BlackClock "0:00:43"]

1. e4 e6 2. d4 d5 3. Nc3 Bb4 4. e5 c5 5. a3 Bxc3+ 6. bxc3 Qa5 7. Bd2 Qa4 8. h4 Ne7 9. h5 h6 10. Qg4 Kf8 11. Qd1 Nbc6 12. Nf3 b6 13. Rh4 Nf5 14. Rf4 c4 15. g4 Nfe7 16. Bh3 g5 17. hxg6 Nxg6 18. Rf6 Nce7 19. Qc1 Ng8 20. Rb1 Kg7 21. Rb4 Qe8 22. a4 Bd7 23. Kf1 Bxa4 24. Kg2 Bd7 25. g5 Nxf6 26. gxf6+ Kg8 27. Bxh6 a5 28. Rxb6 a4 29. Bg7 Rh7 30. Qa3 Rxg7 31. fxg7 Qe7 32. Rd6 Kxg7 33. Kg3 Rh8 34. Bg4 Nh4 35. Qc1 Nxf3 36. Kxf3 Kf8 37. Ra6 f5 38. Ra8+ Be8 39. Qf4 Qf7 40. Ke2 fxg4 41. Qxg4 Qf5 42. Qg3 Qxc2+ 43. Kf1 Qd1+ 44. Kg2 Qh1# 0-1


[Site "https://www.chess.com"]

[Event "Titled Tuesday Blitz February 28 Late 2023"]
[White "Papayan, Oleg"]
[Black "Wang, Alexander J"]
[WhiteFideId "4193911"]
[BlackFideId "30955270"]
[WhiteElo "2153"]
[BlackElo "2229"]
[Result "0-1"]
[Round "04"]
[TimeControl "180+2"]
[Date "2023.02.28"]
[WhiteClock "0:00:10"]
[BlackClock "0:00:27"]

1. e4 c5 2. Nf3 d6 3. d4 cxd4 4. Qxd4 Nf6 5. Bg5 Nc6 6. Bb5 Bd7 7. Bxc6 Bxc6 8. Nc3 e6 9. O-O-O Be7 10. Rhe1 O-O 11. e5 dxe5 12. Nxe5 Qxd4 13. Rxd4 Rad8 14. Nxc6 bxc6 15. Red1 h6 16. Rxd8 Rxd8 17. Be3 Rxd1+ 18. Kxd1 a6 19. Ke2 Nd5 20. Bd2 Nb4 21. Kd1 Kf8 22. a3 Nd5 23. Ne4 Ke8 24. c4 Nb6 25. c5 Nc4 26. Bc3 f5 27. Nd2 Nxd2 28. Kxd2 Bxc5 29. Bxg7 h5 30. f3 Kd7 31. Be5 Be7 32. Kd3 Bc5 33. b4 Bb6 34. h3 Bd8 35. g4 fxg4 36. fxg4 hxg4 37. hxg4 Bg5 38. Ke4 Ke7 39. Bf4 Bf6 40. g5 Bb2 41. a4 Bc3 42. b5 cxb5 43. axb5 axb5 44. Kd3 Bg7 45. Ke4 Kf7 46. Bd2 Kg6 47. Be3 b4 48. Kd3 b3 49. Bd2 Kf5 50. Be3 b2 51. Kc2 Ke4 52. Bd2 Kf3 53. g6 Kg4 54. Bb4 Kf5 55. Ba3 Kxg6 56. Bxb2 Bxb2 57. Kxb2 Kf5 58. Kc3 Kf4 59. Kd3 e5 60. Kd2 Kf3 61. Kd3 e4+ 62. Kd2 Kf2 63. Kd1 e3 64. Kc2 e2 65. Kd3 e1=Q 66. Kc4 Qd2 67. Kb3 Qd4 68. Kc2 Ke3 69. Kc1 Qc3+ 70. Kd1 Qd2# 0-1


[Site "https://www.chess.com"]

[Event "Titled Tuesday Blitz February 28 Late 2023"]
[White "Floresvillar Gonzalez, Luis Migu"]
[Black "Vovk, Orest"]
[WhiteFideId "5100542"]
[BlackFideId "14113490"]
[WhiteElo "2040"]
[BlackElo "2215"]
[Result "0-1"]
[Round "04"]
[TimeControl "180+2"]
[Date "2023.02.28"]
[WhiteClock "0:00:26"]
[BlackClock "0:00:15"]

1. d4 e5 2. dxe5 Nc6 3. Nf3 Qe7 4. c3 Nxe5 5. Nxe5 Qxe5 6. Nd2 Nf6 7. Nf3 Qh5 8. Bf4 c6 9. e3 d5 10. Be2 Bg4 11. h3 Bc5 12. Nd4 Bxe2 13. Qxe2 Bxd4 14. exd4+ Qxe2+ 15. Kxe2 Kd7 16. f3 Rhe8+ 17. Kd2 Nh5 18. Bh2 f5 19. Be5 f4 20. Rhe1 Re6 21. Re2 Rae8 22. Rae1 Ng3 23. Rf2 g5 24. a4 h5 25. Rd1 c5 26. Kd3 c4+ 27. Kc2 Rb6 28. Ra1 h4 29. a5 Rb5 30. a6 b6 31. Bf6 Rg8 32. Rd2 Rg6 33. Be5 Nf5 34. Re2 Ne3+ 35. Kc1 Kc8 36. Ra4 Re6 37. Ra2 Re8 38. Kd2 Kd7 39. Kc1 Ke6 40. Kd2 Kf5 41. Kc1 Rb3 42. Kd2 b5 43. Kc1 Rxe5 44. dxe5 Kxe5 45. Ra5 d4 46. cxd4+ Kxd4 47. Rd2+ Kc5 48. Ra2 Nd5 49. Re2 Re3 50. Rxe3 fxe3 51. Kd1 Nf4 52. Ra3 Kd4 53. b3 c3 54. b4 e2+ 55. Ke1 c2 56. Ra1 Ke3 57. Ra3+ Nd3+ 58. Rxd3+ Kxd3 0-1


[Site "https://www.chess.com"]

[Event "Titled Tuesday Blitz February 28 Late 2023"]
[White "Cueto, Jonny"]
[Black "Karamsetty, Jeevan"]
[WhiteFideId "3300145"]
[BlackFideId "2025337"]
[WhiteElo "2212"]
[BlackElo "2111"]
[Result "0-1"]
[Round "04"]
[TimeControl "180+2"]
[Date "2023.02.28"]
[WhiteClock "0:00:04"]
[BlackClock "0:00:30"]

1. d4 Nf6 2. Nf3 d5 3. g3 e6 4. Bg2 Be7 5. c4 dxc4 6. O-O a6 7. a4 Nc6 8. Na3 Bxa3 9. Rxa3 Rb8 10. b3 cxb3 11. Rxb3 Bd7 12. Ne5 O-O 13. Bg5 Na5 14. Rc3 Be8 15. e4 h6 16. Bxf6 Qxf6 17. Rxc7 b5 18. Qf3 Qd8 19. Rfc1 Qxd4 20. Bh3 Qxe5 21. axb5 axb5 22. R1c5 Qa1+ 23. Kg2 Nc4 24. Rh5 Ne5 25. Qf4 Ng6 26. Qg4 b4 27. Rhc5 b3 28. f4 b2 29. f5 b1=Q 30. fxg6 Qf1# 0-1


[Site "https://www.chess.com"]

[Event "Titled Tuesday Blitz February 28 Late 2023"]
[White "Sabar, Ethmane Daouda"]
[Black "Womacka, Mathias"]
[WhiteFideId "19600097"]
[BlackFideId "4611390"]
[WhiteElo "1950"]
[BlackElo "2377"]
[Result "0-1"]
[Round "04"]
[TimeControl "180+2"]
[Date "2023.02.28"]
[WhiteClock "0:00:05"]
[BlackClock "0:00:24"]

1. b3 e5 2. Bb2 Nc6 3. e3 Nf6 4. Nf3 e4 5. Nd4 Bc5 6. Nxc6 dxc6 7. d4 Bd6 8. c4 Bf5 9. Be2 Qd7 10. O-O h5 11. c5 Be7 12. Nc3 O-O-O 13. Qc2 Qe6 14. Bc4 Nd5 15. b4 Qg6 16. Bxd5 cxd5 17. Ne2 h4 18. h3 Qh6 19. f4 Rhg8 20. b5 g5 21. b6 axb6 22. cxb6 Qxb6 23. fxg5 Rxg5 24. Nf4 Bd7 25. Rab1 Qa6 26. Rfc1 Bd6 27. Bc3 Rdg8 28. Bb4 Bxf4 29. exf4 Rxg2+ 30. Qxg2 Rxg2+ 31. Kxg2 Qe2+ 32. Kg1 Bxh3 0-1


[Site "https://www.chess.com"]

[Event "Titled Tuesday Blitz February 28 Late 2023"]
[White "Sailer, Mike"]
[Black "Dudzinski, Pawel"]
[WhiteFideId "2012901"]
[BlackFideId "1117890"]
[WhiteElo "2109"]
[BlackElo "2099"]
[Result "0-1"]
[Round "04"]
[TimeControl "180+2"]
[Date "2023.02.28"]
[WhiteClock "0:01:34"]
[BlackClock "0:02:22"]

1. d4 d5 2. Bg5 h6 3. Bh4 c5 4. e3 Nc6 5. Nf3 Bg4 6. Be2 Qb6 7. b3 Bxf3 8. Bxf3 cxd4 9. exd4 Qxd4 10. Nd2 Qxh4 0-1


[Site "https://www.chess.com"]

[Event "Titled Tuesday Blitz February 28 Late 2023"]
[White "Marczuk, Dominik"]
[Black "olga-belka"]
[WhiteFideId "1111264"]
[WhiteElo "2174"]
[BlackElo "2193"]
[Result "0-1"]
[Round "04"]
[TimeControl "180+2"]
[Date "2023.02.28"]
[WhiteClock "0:00:04"]
[BlackClock "0:00:38"]

1. e4 c5 2. Nf3 d6 3. d4 cxd4 4. Nxd4 Nf6 5. Nc3 a6 6. f3 e5 7. Nb3 Be7 8. Be3 Be6 9. Qd2 Nbd7 10. O-O-O b5 11. g4 b4 12. Ne2 h6 13. g5 hxg5 14. Bxg5 a5 15. Kb1 a4 16. Nbc1 Qb6 17. Bg2 b3 18. cxb3 axb3 19. a3 Nc5 20. Nc3 Rh5 21. h4 Bc4 22. f4 Rd8 23. Bf3 Rh8 24. h5 Ne6 25. h6 gxh6 26. Bxh6 Nd4 27. Be2 Rc8 28. Bxc4 Rxc4 29. Bg5 Rg8 30. Bxf6 Bxf6 31. Nd5 Qd8 32. fxe5 Bxe5 33. Qa5 Qxa5 0-1


[Site "https://www.chess.com"]

[Event "Titled Tuesday Blitz February 28 Late 2023"]
[White "Ponce Cano, Adrian"]
[Black "Dahlgren, James Allen"]
[WhiteFideId "22296913"]
[BlackFideId "22256873"]
[WhiteElo "2211"]
[BlackElo "2169"]
[Result "0-1"]
[Round "04"]
[TimeControl "180+2"]
[Date "2023.02.28"]
[WhiteClock "0:00:05"]
[BlackClock "0:00:05"]

1. e4 e6 2. Nf3 c5 3. d4 cxd4 4. Bg5 f6 5. Bc1 e5 6. Bc4 a6 7. a4 Ne7 8. c3 dxc3 9. Nxc3 d6 10. Qb3 Nbc6 11. Bf7+ Kd7 12. Be3 Na5 13. Be6+ Ke8 14. Bf7+ Kd7 15. Qa2 Nec6 16. Be6+ Kc7 17. Nd5+ Kb8 18. Bb6 Qe8 19. Bxc8 Qxc8 20. b4 Nxb4 21. Nxb4 Qc3+ 22. Qd2 Qxa1+ 23. Ke2 Qxa4 24. Bxa5 Qb5+ 25. Nd3 d5 26. Rc1 dxe4 27. Bc7+ Kc8 28. Ba5+ Kd7 29. Rc7+ Ke8 30. Qa2 Qxd3+ 31. Ke1 Be7 32. Nd2 Rd8 33. Qe6 Qd6 34. Qc4 b6 35. Bc3 b5 36. Qc6+ Qxc6 37. Rxc6 Ra8 38. Ba5 f5 39. Nb3 Kd7 40. Rc7+ Ke6 41. Rc6+ Kf7 42. Rc7 Rhc8 43. Rd7 Rc4 44. Rb7 Rac8 45. f3 Ke6 46. fxe4 Rxe4+ 47. Kd2 Bd8 48. Bxd8 Rxd8+ 49. Kc2 Rc4+ 50. Kb2 Rd6 51. Rxg7 Rd3 52. Rxh7 Rb4 53. Rh6+ Kd5 54. Kc2 Rbxb3 55. g3 Rbc3+ 56. Kb2 Kc4 57. Rxa6 Kb4 58. Rb6 Rd2+ 59. Kb1 Rf3 60. Kc1 Rxh2 0-1


[Site "https://www.chess.com"]

[Event "Titled Tuesday Blitz February 28 Late 2023"]
[White "Przybylski, Wojciech"]
[Black "Adel, Sara"]
[WhiteFideId "1117599"]
[BlackFideId "10616764"]
[WhiteElo "2222"]
[BlackElo "1997"]
[Result "1-0"]
[Round "04"]
[TimeControl "180+2"]
[Date "2023.02.28"]
[WhiteClock "0:00:11"]
[BlackClock "0:00:14"]

1. d4 Nf6 2. c4 g6 3. Nc3 d6 4. g3 Bg7 5. Bg2 O-O 6. Qc2 Nc6 7. e3 e5 8. d5 Ne7 9. Nge2 Ne8 10. O-O f5 11. f4 Nf6 12. b4 Qe8 13. Bb2 Ng4 14. Qd2 Bd7 15. h3 Nf6 16. c5 Kh8 17. a3 Nh5 18. Rae1 Ng8 19. e4 exf4 20. gxf4 dxc5 21. e5 cxb4 22. axb4 Qe7 23. Qd4 g5 24. Bf3 Nxf4 25. Nxf4 gxf4 26. Qxf4 Bh6 27. Qd4 f4 28. e6+ Bg7 29. Qf2 Qxb4 30. Re4 Qb3 31. Bd1 Qxc3 32. Bxc3 Bxc3 33. exd7 Nf6 34. Rxf4 Nxd7 35. Bg4 Rg8 36. Qe3 Be5 37. Rf7 Rae8 38. Kh1 Bg7 39. Re7 Nf6 40. Rxf6 Bxf6 41. Rxe8 Kg7 42. Qe6 1-0


[Site "https://www.chess.com"]

[Event "Titled Tuesday Blitz February 28 Late 2023"]
[White "Plotkin, Victor"]
[Black "Khatena, Moshe"]
[WhiteFideId "2606674"]
[BlackFideId "2010461"]
[WhiteElo "2214"]
[BlackElo "2155"]
[Result "1-0"]
[Round "04"]
[TimeControl "180+2"]
[Date "2023.02.28"]
[WhiteClock "0:00:50"]
[BlackClock "0:00:50"]

1. e4 Nf6 2. e5 Nd5 3. d4 d6 4. Nf3 g6 5. Bc4 Nb6 6. Bb3 Bg7 7. O-O O-O 8. h3 Nc6 9. exd6 cxd6 10. c3 Bf5 11. Bg5 h6 12. Bh4 Na5 13. Bc2 Bxc2 14. Qxc2 Rc8 15. Nbd2 Nac4 16. Rfe1 Nxd2 17. Qxd2 Re8 18. b3 Nd5 19. c4 Nf6 20. Bxf6 exf6 21. Rxe8+ Qxe8 22. Re1 Qd7 23. d5 f5 24. Qe3 a6 25. Qe7 Rc7 26. Qxd7 Rxd7 27. Re8+ Kh7 28. Kf1 g5 29. Ke2 Kg6 30. Kd3 g4 31. Nd4 h5 32. a4 Be5 33. c5 dxc5 34. Rxe5 cxd4 35. Kxd4 f4 36. hxg4 hxg4 37. Ke4 g3 38. fxg3 fxg3 39. Re8 Kg7 40. Ke5 Rc7 41. d6 Rc2 42. d7 Rxg2 43. d8=Q Re2+ 44. Kf4 g2 45. Qg5+ 1-0


[Site "https://www.chess.com"]

[Event "Titled Tuesday Blitz February 28 Late 2023"]
[White "Sokolin, Leonid"]
[Black "Chemin, Justo Reinaldo"]
[WhiteFideId "2009161"]
[BlackFideId "2101580"]
[WhiteElo "2394"]
[BlackElo "1940"]
[Result "0-1"]
[Round "04"]
[TimeControl "180+2"]
[Date "2023.02.28"]
[WhiteClock "0:00:01"]
[BlackClock "0:00:05"]

1. e4 e6 2. d4 d5 3. Nc3 Nf6 4. e5 Nfd7 5. f4 c5 6. Nf3 Nc6 7. Be3 cxd4 8. Nxd4 a6 9. Qd2 Bb4 10. a3 Ba5 11. Nb3 Bb6 12. O-O-O Bxe3 13. Qxe3 Qb6 14. Qg3 O-O 15. h4 f6 16. exf6 Rxf6 17. Bd3 Nc5 18. Nxc5 Qxc5 19. h5 h6 20. Rh4 Bd7 21. Rg4 Qe7 22. Re1 Qf8 23. Rg6 Ne7 24. Rxf6 Qxf6 25. Qh2 Rf8 26. g3 Nc6 27. Qf2 Be8 28. Qb6 Bxh5 29. Qxb7 Nd4 30. Qxa6 Bg4 31. Qd6 Nf3 32. Re2 h5 33. Nb5 h4 34. gxh4 Qxh4 35. b3 Qf6 36. Kb1 Nh4 37. Rh2 Nf3 38. Bh7+ Kf7 39. Qc7+ Qe7 40. Bg6+ Kf6 41. Qxe7+ Kxe7 42. Rg2 Rxf4 0-1


[Site "https://www.chess.com"]

[Event "Titled Tuesday Blitz February 28 Late 2023"]
[White "Eliteplayer3"]
[Black "Ramirez Allo, Eduardo"]
[BlackFideId "2224178"]
[WhiteElo "2132"]
[BlackElo "2445"]
[Result "0-1"]
[Round "04"]
[TimeControl "180+2"]
[Date "2023.02.28"]
[WhiteClock "0:00:11"]
[BlackClock "0:00:46"]

1. d4 Nf6 2. Bg5 g6 3. Bxf6 exf6 4. e3 Bg7 5. Ne2 O-O 6. g3 d6 7. Bg2 c5 8. c4 Qc7 9. Qb3 Nc6 10. Nd2 f5 11. O-O cxd4 12. exd4 Nxd4 13. Nxd4 Bxd4 14. Rfd1 Bf6 15. Nf3 Be6 16. Nd4 Bxc4 17. Qb4 Qc5 18. Qc3 Rab8 19. Rac1 Rfc8 20. Qe3 Qe5 21. Qd2 Ba6 22. Nf3 Qxb2 23. Qxd6 Rxc1 24. Qxb8+ Kg7 25. Qd6 Qa1 26. Rf1 Rxf1+ 27. Bxf1 Qxf1# 0-1


[Site "https://www.chess.com"]

[Event "Titled Tuesday Blitz February 28 Late 2023"]
[White "Bongo Akanga Ndjila, Barthelemy"]
[Black "Sreyas Payyappat"]
[WhiteFideId "10609431"]
[BlackFideId "46674969"]
[WhiteElo "1768"]
[BlackElo "2083"]
[Result "0-1"]
[Round "04"]
[TimeControl "180+2"]
[Date "2023.02.28"]
[WhiteClock "0:00:01"]
[BlackClock "0:01:46"]

1. d4 Nf6 2. c4 c5 3. d5 e6 4. Nc3 exd5 5. cxd5 d6 6. Bf4 g6 7. e3 Bg7 8. Nf3 O-O 9. h3 Re8 10. Be2 Nbd7 11. O-O Nb6 12. a4 Bf5 13. a5 Nc8 14. g4 Be4 15. Nxe4 Nxe4 16. Qc2 f5 17. g5 Be5 18. Bxe5 dxe5 19. Rfd1 Ncd6 20. Bc4 Nxg5 21. Nxg5 Qxg5+ 22. Kf1 Qh4 23. Kg2 Qxc4 24. Qxc4 Nxc4 25. Ra4 Nd6 26. Rc1 b5 0-1


[Site "https://www.chess.com"]

[Event "Titled Tuesday Blitz February 28 Late 2023"]
[White "Marcolino, Daniel Mattos"]
[Black "Backsten, Jan"]
[WhiteFideId "2106841"]
[BlackFideId "1735381"]
[WhiteElo "2115"]
[BlackElo "1967"]
[Result "1-0"]
[Round "04"]
[TimeControl "180+2"]
[Date "2023.02.28"]
[WhiteClock "0:00:14"]
[BlackClock "0:00:24"]

1. d4 Nf6 2. Nf3 g6 3. g3 Bg7 4. Bg2 O-O 5. O-O d6 6. b3 Nbd7 7. Bb2 Ne4 8. Nbd2 Ndf6 9. Nxe4 Nxe4 10. c4 c6 11. Nd2 Nxd2 12. Qxd2 d5 13. e3 Bf5 14. Rfc1 b6 15. Ba3 Qd7 16. Rc3 Bf6 17. Rac1 Be4 18. f3 Bf5 19. cxd5 cxd5 20. Rc7 Qd8 21. Qc3 Rc8 22. Kf2 Re8 23. Rxc8 Qxc8 24. Qxc8 Rxc8 25. Rxc8+ Bxc8 26. Ke2 Kf8 27. f4 Bb7 28. Kd3 Ke8 29. g4 e6 30. g5 Bd8 31. h4 Ba6+ 32. Kc3 Be2 33. Kd2 Bg4 34. Bf1 Be7 35. Bxe7 Kxe7 36. Bb5 Kd6 37. Kc3 a5 38. b4 Bd1 39. bxa5 bxa5 40. Be8 Ke7 41. Bb5 Kd6 42. Kd2 Bf3 43. Kc2 Be4+ 44. Kb3 Kc7 45. Ka4 Kb6 46. Be8 Bc2+ 47. Ka3 Bf5 48. Bxf7 Kc7 49. Bg8 Kd7 50. Bxh7 Ke7 51. Ka4 Kf7 52. Kxa5 Kg7 53. Bxg6 Kxg6 54. Kb6 Kh5 55. a4 Kxh4 56. a5 Bd3 57. a6 Bxa6 58. Kxa6 Kh5 59. Kb6 Kg6 60. Kc6 Kf7 61. Kd6 Kg6 62. Kxe6 Kh5 63. Kxd5 Kg6 64. Ke6 Kg7 65. Ke7 Kg6 66. f5+ Kxf5 67. d5 Kxg5 68. d6 Kf5 69. d7 Ke4 70. d8=Q Kxe3 71. Qd5 Kf4 72. Ke6 Ke3 73. Qc4 Kf3 74. Qd4 Ke2 75. Qc3 Kf2 76. Qd3 Ke1 77. Qc2 Kf1 78. Ke5 Kg1 79. Ke4 Kh1 80. Kf3 Kg1 81. Qg2# 1-0


[Site "https://www.chess.com"]

[Event "Titled Tuesday Blitz February 28 Late 2023"]
[White "Ricaurte Lopez, Juan Carlos"]
[Black "Rego, Pedro Filipe"]
[WhiteFideId "3600327"]
[BlackFideId "1904310"]
[WhiteElo "2209"]
[BlackElo "2193"]
[Result "0-1"]
[Round "04"]
[TimeControl "180+2"]
[Date "2023.02.28"]
[WhiteClock "0:00:01"]
[BlackClock "0:00:13"]

1. e4 c5 2. Nf3 Nc6 3. d4 cxd4 4. Nxd4 g6 5. Nc3 Bg7 6. Nb3 Nf6 7. f4 O-O 8. Bc4 d6 9. O-O a6 10. a4 Na5 11. Nxa5 Qxa5 12. Kh1 Bg4 13. Qd3 Rac8 14. Be3 Bd7 15. Bd4 Qb4 16. Bb3 b5 17. axb5 axb5 18. e5 Bf5 19. Qd2 dxe5 20. fxe5 Ng4 21. Rxf5 gxf5 22. Qf4 e6 23. Ne2 Bh6 24. Qf3 Qd2 25. h3 Ne3 26. Bc3 Qd8 27. Nf4 Nc4 28. Nh5 Qg5 29. Nf6+ Kh8 30. Bxc4 Rxc4 31. Qb7 Rh4 32. Qxb5 Qg3 33. Qd3 Qf2 34. Rf1 Qc5 0-1


[Site "https://www.chess.com"]

[Event "Titled Tuesday Blitz February 28 Late 2023"]
[White "Vanek, Tomas"]
[Black "Dzierzak, Radoslaw"]
[WhiteFideId "313459"]
[BlackFideId "1161407"]
[WhiteElo "2052"]
[BlackElo "2166"]
[Result "0-1"]
[Round "04"]
[TimeControl "180+2"]
[Date "2023.02.28"]
[WhiteClock "0:00:18"]
[BlackClock "0:00:26"]

1. e4 c6 2. g3 d5 3. e5 c5 4. f4 Nc6 5. Bg2 Nh6 6. c3 Nf5 7. d3 h5 8. Ne2 h4 9. g4 h3 10. Bf1 Nh4 11. Ng3 g5 12. Bxh3 gxf4 13. Nf5 Ng6 14. Bg2 Ncxe5 15. Qe2 e6 16. d4 Nxg4 17. Qxg4 exf5 18. Qe2+ Be6 19. Na3 a6 20. O-O Qh4 21. Bxd5 O-O-O 22. Bxe6+ fxe6 23. Qxe6+ Kb8 24. Rf2 Bd6 25. Nc4 Bc7 26. Bd2 f3 27. Ne5 Nxe5 28. dxe5 Rhg8+ 29. Kf1 Qh3+ 30. Ke1 Rg1+ 31. Rf1 Qxf1# 0-1


[Site "https://www.chess.com"]